 Dungeon Crawl Stone Soup version 0.27-a0-1078-g0d77da13b5 (webtiles) character file.

Game seed: 4358704072569567559

374786 GordonOverkill the Warrior (level 22, -1/240 (262) HPs)
             Began as a Djinni Fire Elementalist on Apr 24, 2021.
             Was the Champion of Dithmenos.
             Killed from afar by an ice dragon (43 damage)
             ... with a blast of cold
             ... on level 1 of the Depths on Apr 25, 2021.
             The game lasted 02:56:59 (81772 turns).

GordonOverkill the Warrior (DjFE)                  Turns: 81772, Time: 02:56:59

HP:   -1/240 (262)  AC: 16    Str: 21    XL:     22   Next: 75%
Gold: 2603          EV:  8    Int: 25    God:    Dithmenos [******] SH:  0 Dex: 16

rFire    + + .     SeeInvis .     - Unarmed
rCold    . . .     Faith    .   (shield currently unavailable)
rNeg     . . .     Spirit   .   (armour currently unavailable)
rPois    ∞         Reflect  .   (helmet currently unavailable)
rElec    .         Harm     .   (cloak currently unavailable)
rCorr    .         Rampage  .   (gloves currently unavailable)
Will     +++..                  (boots unavailable)
Stlth    +++++.....             X - amulet of the acrobat
HPRegen  0.50/turn              z - ring of willpower
MPRegen  0.00/turn              Q - ring "Abub" {rC+ Str+4}

@: dragon-form, flying, wreathed by umbra, drained
A: dragon claw, dragon scales, breathe fire, flying, boosted hp, giant, (fire
resistance 2), (cold vulnerability 1), float, innate caster, hp casting, extra
vitality 1
}: 2/15 runes: decaying, serpentine
a: Breathe Fire, End Transformation, Renounce Religion, Shadow Step, Shadow Form


You were on level 1 of the Depths.
You worshipped Dithmenos.
Dithmenos was exalted by your worship.
You were a fearsome dragon!
You visited 7 branches of the dungeon, and saw 37 of its levels.
You visited 1 bazaar.
You also visited: Bailey, Volcano and Desolation.

You collected 5664 gold pieces.
You spent 3061 gold pieces at shops.

Inventory:

Hand Weapons
 d - the +2 falchion of Agony (melded) {drain, rElec rF+}
   (You found it on level 1 of the Vaults)

   A truly terrible weapon, it drains the life of those it strikes.
   It protects you from fire.
   It insulates you from electricity.
 s - the +12 war axe "Zithret" {speed, Str+4 Dex+3}
   (You found it on level 6 of the Lair of Beasts)

   Attacks with this weapon are significantly faster.
   It affects your strength (+4).
   It affects your dexterity (+3).
 Z - the +9 scimitar of Nebiash {vorpal, +Blink rF+}
   (You found it on level 1 of the Vaults)

   It inflicts extra damage upon your enemies.
   It protects you from fire.
   It lets you blink.
Missiles
 e - 3 curare-tipped darts
 x - 3 throwing nets
Armour
 m - a +2 pair of gloves of stealth (melded)
 r - the +3 hat of Pondering {ponderous, Will+ MP+10 Int+5}
   (You found it in the Desolation of Salt)

   It affects your intelligence (+5).
   It affects your magic capacity (+10).
   It increases your willpower.
 y - the +1 helmet "Ywoxkomy" (melded) {rC+ Int+3}
   (You found it in the Desolation of Salt)

   It affects your intelligence (+3).
   It protects you from cold.
 B - a +2 kite shield of cold resistance (melded)
 O - the +1 leather armour of the Falcon (melded) {Rampage Regen+ Dex+2}
   (You found it on level 12 of the Dungeon)

   It affects your dexterity (+2).
   It increases your rate of health regeneration.
   It bestows one free step when moving towards enemies.
 R - the +0 cloak "Yptuc" (melded) {Dex+4}
   (You found it on level 2 of the Lair of Beasts)

   It affects your dexterity (+4).
Jewellery
 g - the ring "Muhed" {Str+4 Int+3 SInv}
   (You found it in the Desolation of Salt)

   [ring of see invisible]

   It affects your strength (+4).
   It affects your intelligence (+3).
   It lets you see invisible.
 z - a ring of willpower (left foreclaw)
 I - the ring "Marafrag" {Dex+3 Slay+4}
   (You found it in the Desolation of Salt)

   [ring of slaying]

   It affects your dexterity (+3).
   It affects your accuracy and damage with ranged weapons and melee attacks
   (+4).
 Q - the ring "Abub" (right foreclaw) {rC+ Str+4}
   (You found it on level 2 of the Lair of Beasts)

   [ring of protection from cold]

   It affects your strength (+4).
   It protects you from cold.
 X - an amulet of the acrobat (around neck)
Wands
 k - a wand of flame (55)
 t - a wand of paralysis (13)
 C - a wand of charming (7)
 H - a wand of digging (2)
 J - a wand of iceblast (80)
 K - a wand of acid (28)
 P - a wand of mindburst (28)
Scrolls
 u - 14 scrolls of teleportation
 A - 2 scrolls of silence
 F - 3 scrolls of fog
 G - 5 scrolls of magic mapping
 S - 10 scrolls of identify
 U - 4 scrolls of holy word
 V - 4 scrolls of immolation
Potions
 b - 21 potions of curing
 i - 3 potions of invisibility
 j - 6 potions of attraction
 l - 4 potions of brilliance
 o - 3 potions of cancellation
 p - 8 potions of ambrosia
 q - 10 potions of mutation
 v - 4 potions of lignification
 E - 7 potions of might
 L - 2 potions of berserk rage
 M - a potion of haste
 N - 2 potions of resistance
 W - 4 potions of heal wounds
Miscellaneous
 c - a tin of tremorstones (2/2)
 f - a box of beasts
 n - a condenser vane
 Y - a phantom mirror


   Skills:
 + Level 20.3 Fighting
 - Level 2.0 Short Blades
 - Level 15.0 Armour
 + Level 6.7 Dodging
 - Level 5.0 Stealth
 - Level 15.0 Shields
 + Level 11.0 Unarmed Combat
 + Level 16.3 Spellcasting
 - Level 9.0 Invocations
 - Level 10.0 Evocations


You couldn't memorise any spells.
You knew the following spells:

 Your Spells              Type           Power      Damage    Failure   Level
a - Foxfire               Conj/Fire      100%       2x1d9     0%          1
b - Conjure Flame         Conj/Fire      80%        6-21      0%          3
c - Inner Flame           Hex/Fire       80%        N/A       0%          3
d - Sticky Flame          Conj/Fire      80%        2d9       1%          4
e - Fireball              Conj/Fire      40%        3d16      1%          5
f - Animate Skeleton      Necr           100%       N/A       0%          1
g - Static Discharge      Conj/Air       80%        N/A       0%          2
h - Confusing Touch       Hex            80%        N/A       0%          3
i - Ozocubu's Armour      Ice            80%        N/A       0%          3
j - Lightning Bolt        Conj/Air       40%        1d59      1%          5
k - Alistair's Intoxicat  Tmut/Pois      53%        N/A       1%          5
l - Freezing Cloud        Conj/Ice/Air   40%        6-21      1%          6
m - Dragon Form           Tmut           40%        N/A       2%          7
n - Ozocubu's Refrigerat  Ice            40%        4d13      2%          7
o - Summon Horrible Thin  Summ           40%        N/A       21%         8
Your spell library was empty.

Dungeon Overview and Level Annotations

Branches:
Dungeon (15/15)            Temple (0/1) D:5            Lair (6/6) D:9
  Swamp (4/4) Lair:4        Snake (4/4) Lair:4        Slime (0/5) Lair:6
    Orc (2/2) D:9             Elf (0/3) Orc:2        Vaults (4/5) D:13
  Crypt (0/3) Vaults:3     Depths (2/5) D:15         Bailey (visited)
Volcano (visited)         Desolation (visited)

Altars:
Cheibriados
Dithmenos
Elyvilon
Fedhas
Gozag
Hepliaklqana
Kikubaaqudgha
Makhleb
Okawaru
Qazlal
Trog
Uskayaw
Vehumet
Wu Jian
Xom
Yredelemnul
Beogh
Jiyva

Shops:
D:1 *   D:7 !   D:14 [   Orc:2 =*[(   Depths:1 *

Portals:
Hell: Depths:1
Abyss: D:4

Annotations:
D:4 2 transporters, Cecky's ghost, amateur DjIE
D:8 2 runed translucent doors, rayg00n's ghost, novice PaTm
Lair:6 1 runed translucent door, Sergey's ghost, journeyman DDDe


Innate Abilities, Weirdness & Mutations

You are a fearsome dragon!
You have a powerful clawing attack.
Your giant scaled body is strong and resiliant, but less evasive.
You can breathe fire.
You are flying.
Your maximum health is greatly increased.
Your armour is entirely melded.
You are incapable of wielding weapons or throwing items.
You are immune to poison.
((Your flesh is very heat resistant. (rF++)))
((You are vulnerable to cold. (rC-)))
You float through the air rather than walking.
You learn spells naturally, not from books.
Your magical power is your life essence.
You have superior vitality. (+4 HP)


Message History

* * * LOW HITPOINT WARNING * * *
Okay, then.
There is a stone staircase leading up here.
You feel much better.
The ice dragon bites you but does no damage.
The ice dragon completely misses you.
The ice dragon tramples you but does no damage.
The deep troll earth mage bites you but does no damage.
The deep troll earth mage claws you but does no damage.
The deep troll earth mage barely misses you.
The ice dragon breathes frost at you. The blast of cold hits you!!
* * * LOW HITPOINT WARNING * * *
You emit a cloud of dark smoke.
The deep troll earth mage bites you but does no damage.
The deep troll earth mage claws you but does no damage.
The deep troll earth mage barely misses you.
You fly upwards.
There is a stone staircase leading down here.
Okay, then.
The ice dragon misses you.
The ice dragon claws you but does no damage.
The ice dragon tramples you!
* * * LOW HITPOINT WARNING * * *
You hold your ground!
The deep troll earth mage points next to you and mumbles some strange words.
Some rock shatters into small pieces.
Unknown command.
Unknown command.
Casting: Dragon Form (mildly dangerous; 2% risk of failure)
Confirm with . or Enter, or press ? or * to list all spells.
Aiming: Sticky Flame (safe; 1% risk of failure)
Press: ? - help, Shift-Dir - straight line, f - ice dragon
Aim: an ice dragon (umbra, 100% to hit)
Okay, then.
Unknown command.
You feel much better. The ice dragon breathes frost at you.
The blast of cold hits you!!!
You die...

.#...)......).....##.#
...............#.....#
.....[.........#...#.###
.............###.#..#..#
..[.....#........#.....##
........##..##.###.#....#
........##..............#
......[.......##.#.#.#..#
.†............##D....#..#
##.............D...###..#
§#.............T.....^.##
.#..)..............##..#
....†....#.....#......##
.#.##†......#.....>..##
§#.......#.....#...###
##...........#.....#
.............###...####


You could see an ice dragon (catching breath) and a deep troll earth mage.

Vanquished Creatures
  2 juggernauts (Depths:2)
  Nikola (Depths:1)
  A caustic shrike (Depths:2)
  A tentacled monstrosity (Depths:2)
  Rupert (Orc:2)
  A lich (Depths:2)
  2 tengu reavers
  6 sphinxes
  A shadow dragon (shapeshifter) (Depths:2)
  2 thorn hunters (Swamp:4)
  A shadow dragon (Depths:2)
  6 nagarajas
  5 frost giants
  4 fire giants
  2 imperial myrmidons (Desolation)
  12 vault wardens
  An orc warlord (Vaults:4)
  Aizul (Depths:1)
  The ghost of Morbidden the Frost Mage, a journeyman DrBr of Cheibriados (D:14)
  4 stone giants
  7 ironbound preservers
  2 vampire knights (Depths:2)
  A war gargoyle (Vaults:4)
  Nessos (D:13)
  6 very ugly things
  4 entropy weavers
  3 dire elephants
  A halazid warlock (Desolation)
  Azrael (D:13)
  A deep elf annihilator (Vaults:2)
  A spark wasp (Depths:2)
  5 bunyips
  3 eleionomae (Swamp:3)
  4 ettins
  A shambling mangrove (Swamp:1)
  5 fire dragons
  13 ragged hierophants (Desolation)
  5 crystal guardians
  7 yaktaur captains
  5 servants of whispers (Desolation)
  5 ironbound thunderhulks
  A rakshasa (Depths:2)
  4 vault guards
  7 ice dragons
  32 hydras
  3 great orbs of eyes
  9 peacekeepers
  9 boulder beetles
  3 catoblepae
  8 naga warriors
  2 death knights (Vaults:3)
  2 ghost crabs
  4 centaur warriors
  20 anacondas
  6 alligators
  A dancing weapon (Volcano)
  6 ironbound frosthearts
  2 two-headed ogres
  4 deep troll shamans (Depths:2)
  A death yak (Lair:6)
  A vampire mage (D:14)
  2 deep troll earth magi
  2 ironbound beastmasters
  16 naga sharpshooters
  An orc high priest (Vaults:1)
  A hell knight (Depths:2)
  10 shock serpents
  A spriggan berserker (Swamp:4)
  A titan skeleton (Vaults:3)
  5 salamander mystics
  2 skeletal warriors (D:15)
  7 spriggan druids
  A golden dragon zombie (Vaults:3)
  5 goliath frogs
  2 iron trolls
  A glowing orange brain (Depths:2)
  A flayed ghost (Depths:2)
  14 swamp dragons
  7 naga ritualists
  9 bog bodies
  37 deep trolls
  3 harpies (Vaults:3)
  A lindwurm (Lair:6)
  5 necromancers
  9 orc knights
  11 wizards
  46 ugly things
  21 ironbound convokers
  5 manticores
  3 deep elf pyromancers
  A fire giant zombie (D:15)
  3 frost giant zombies
  9 mana vipers
  3 will-o-the-wisps
  A human zombie (Vaults:3)
  12 cyclopes
  An orc sorcerer (Orc:2)
  Maurice (D:9)
  18 salamanders
  16 guardian serpents
  42 black mambas
  A stone giant skeleton (Vaults:3)
  16 elephants
  14 vault sentinels
  5 toenail golems (Volcano)
  15 naga magi
  2 molten gargoyles (Desolation)
  A spriggan skeleton (D:15)
  3 unseen horrors (D:12)
  17 cane toads
  6 rime drakes
  30 yaktaurs
  2 torpor snails
  14 komodo dragons
  6 kobold demonologists
  A tengu conjurer (D:15)
  An efreet (D:14)
  A yaktaur skeleton (Vaults:3)
  7 trolls
  3 meliai (D:15)
  A jumping spider (Vaults:2)
  2 queen bees
  10 polar bears
  Prince Ribbit (D:6)
  A bloated husk (Swamp:2)
  11 hornets
  6 tyrant leeches
  5 raiju (Lair:6)
  Grinder (D:6)
  6 dream sheep
  68 saltlings (Desolation)
  23 blink frogs
  41 slime creatures
  8 redbacks
  An ettin skeleton (Vaults:3)
  A spriggan (shapeshifter) (D:15)
  11 spriggans
  42 yaks
  A shadow (D:11)
  A tarantella (Vaults:4)
  11 wyverns
  6 water elementals (Depths:1)
  Eustachio (D:5)
  2 fire elementals (D:12)
  3 wraiths
  13 humans
  A steam dragon (Bailey)
  8 vampire mosquitoes
  14 basilisks
  An elf skeleton (Vaults:3)
  13 swamp worms
  7 wargs
  4 acid dragons
  42 nagas
  14 water moccasins
  16 hell hounds
  17 swamp drakes
  16 black bears
  27 orc warriors
  3 sky beasts
  2 ogres (D:7)
  A necrophage (D:8)
  30 wolves
  6 centaurs
  Blork the orc (D:4)
  5 kobold brigands
  8 bullfrogs
  2 gnoll sergeants
  3 scorpions
  A wyvern skeleton (D:7)
  A water moccasin skeleton (D:7)
  A human simulacrum (Vaults:3)
  63 killer bees
  11 wights
  4 howler monkeys (D:12)
  2 bullfrog zombies (D:5)
  4 centaur zombies
  16 orc priests
  A hound (D:5)
  Crazy Yiuf (D:4)
  A bullfrog skeleton (D:3)
  2 centaur skeletons (D:7)
  A gnoll shaman (D:10)
  8 iguanas
  Ijyb (D:4)
  7 hell rats
  Natasha (thrice) (D:4)
  18 orc wizards
  A howler monkey zombie (D:3)
  21 gnolls
  5 adders
  A river rat (Lair:2)
  A shadow imp (D:6)
  A white imp (D:2)
  An ufetubus (D:5)
  An adder skeleton (D:4)
  3 worms
  4 dart slugs
  66 orcs
  5 ball pythons
  4 bats (D:3)
  9 endoplasms
  3 giant cockroaches
  10 goblins
  8 hobgoblins
  10 jackals
  2 quokkas
  6 frilled lizards
  44 kobolds
  5 rats
1617 creatures vanquished.

Vanquished Creatures (collateral kills)
  A crystal guardian (Vaults:2)
  22 foxfires
23 creatures vanquished.

Vanquished Creatures (others)
  A ragged hierophant (Desolation)
  A hydra (D:12)
  2 wizards (Volcano)
  A bog body (Swamp:2)
  An orc wizard (D:10)
  A gnoll (Bailey)
  2362 foxfires
  50 fungi
  79 plants
  8 withered plants (D:15)
2506 creatures vanquished.

Grand Total: 4146 creatures vanquished

Notes
Turn   | Place    | Note
-------+----------+-------------------------------------------
     0 | D:1      | GordonOverkill the Djinni Fire Elementalist began the quest
                  | for the Orb.
     0 | D:1      | Reached XP level 1. HP: 15/15 MP: 0/0
    42 | D:1      | Found Quta's Assorted Antiques.
   379 | D:1      | Reached XP level 2. HP: 21/22 MP: 0/0
   415 | D:1      | Found a faded altar of an unknown god.
   561 | D:1      | Became a worshipper of Dithmenos the Shadowed
   561 | D:1      | Reached * piety under Dithmenos
   855 | D:1      | Reached skill level 1 in Fighting
   857 | D:1      | Reached XP level 3. HP: 22/27 MP: 0/0
   857 | D:1      | Learned a level 1 spell: Animate Skeleton
  1463 | D:2      | Reached skill level 1 in Invocations
  1482 | D:2      | Reached XP level 4. HP: 11/32 MP: 0/0
  1865 | D:2      | Reached skill level 2 in Fighting
  1973 | D:2      | Reached ** piety under Dithmenos
  1979 | D:2      | Reached XP level 5. HP: 26/38 MP: 0/0
  1979 | D:2      | Learned a level 2 spell: Static Discharge
  2306 | D:2      | You are sucked into a shaft and drop 1 floor!
  2352 | D:3      | Found an opulent altar of Gozag.
  3249 | D:3      | Reached skill level 1 in Armour
  3359 | D:3      | Reached XP level 6. HP: 18/45 MP: 0/0
  3890 | D:3      | Found an ornate altar of the Wu Jian Council.
  3925 | D:3      | Found a snail-covered altar of Cheibriados.
  3926 | D:3      | Found a bloodstained altar of Trog.
  4223 | D:1      | Bought a lumpy golden potion for 14 gold pieces
  4223 | D:1      | Bought 2 fuming amethyst potions for 28 gold pieces
  4223 | D:1      | Bought a scroll labelled CYILIUSEIST for 16 gold pieces
  4223 | D:1      | Bought a scroll labelled KAWNOA FECACUWK for 16 gold pieces
  4223 | D:1      | Bought a scroll labelled XIGEDONLOI for 16 gold pieces
  4223 | D:1      | Bought a scroll labelled BISEMP MIRERO for 16 gold pieces
  4223 | D:1      | Bought a scroll of teleportation for 48 gold pieces
  4223 | D:1      | Bought a brass ring for 80 gold pieces
  4293 | D:4      | Noticed Cecky's ghost (amateur DjIE)
  4308 | D:4      | Found a transporter.
  4316 | D:4      | Noticed Ijyb
  4325 | D:4      | Killed Ijyb
  4391 | D:4      | Found a transporter.
  4394 | D:4      | Found a one-way gate to the infinite horrors of the Abyss.
  4465 | D:4      | Noticed Natasha
  4469 | D:4      | Killed Natasha
  4470 | D:4      | Reached skill level 3 in Fighting
  4609 | D:4      | Noticed Blork the orc
  4617 | D:4      | Killed Blork the orc
  4910 | D:4      | Found a runed translucent door.
  4911 | D:4      | Noticed Crazy Yiuf
  5084 | D:4      | Killed Crazy Yiuf
  5085 | D:4      | Reached skill level 1 in Evocations
  5085 | D:4      | Reached XP level 7. HP: 34/50 MP: 0/0
  5085 | D:4      | Learned a level 3 spell: Confusing Touch
  5228 | D:5      | Entered Level 5 of the Dungeon
  5694 | D:4      | Noticed Natasha
  5698 | D:4      | Killed Natasha
  5815 | D:4      | Noticed Natasha
  5821 | D:4      | Killed Natasha
  6065 | D:5      | Reached skill level 4 in Fighting
  6126 | D:5      | Reached *** piety under Dithmenos
  6324 | D:5      | Reached XP level 8. HP: 50/58 MP: 0/0
  6534 | D:5      | Found a staircase to the Ecumenical Temple.
  6818 | D:5      | Noticed Eustachio
  6835 | D:5      | Killed Eustachio
  6836 | D:5      | Reached skill level 5 in Spellcasting
  7123 | D:6      | Noticed Grinder
  7132 | D:6      | Killed Grinder
  7133 | D:6      | Reached skill level 5 in Fighting
  7133 | D:6      | Reached skill level 5 in Invocations
  7189 | D:6      | Noticed Prince Ribbit
  7208 | D:6      | Killed Prince Ribbit
  7209 | D:6      | Reached XP level 9. HP: 53/65 MP: 0/0
  7209 | D:6      | Learned a level 3 spell: Ozocubu's Armour
  7329 | D:6      | Found a burning altar of Makhleb.
  7348 | D:6      | Found a basalt altar of Yredelemnul.
  7792 | D:6      | You are sucked into a shaft and drop 1 floor!
  7953 | D:7      | Reached skill level 5 in Evocations
  7955 | D:7      | Reached skill level 6 in Fighting
  8542 | D:7      | Reached skill level 7 in Fighting
  9593 | D:6      | Found a shimmering altar of Xom.
  9823 | D:6      | Reached XP level 10. HP: 71/76 MP: 0/0
 10102 | D:7      | Found Vopis's Distillery.
 10371 | D:8      | Reached skill level 8 in Fighting
 10375 | D:8      | Reached **** piety under Dithmenos
 10798 | D:8      | Found a hide-covered altar of Uskayaw.
 11191 | D:8      | Found a large runed translucent door.
 11192 | D:8      | Found a large runed translucent door.
 11193 | D:8      | Noticed rayg00n's ghost (novice PaTm)
 11272 | D:8      | Paralysed by a centaur for 3 turns
 11588 | D:8      | Found a white marble altar of Elyvilon.
 11877 | D:9      | Found a stormy altar of Qazlal.
 11878 | D:9      | Found a blossoming altar of Fedhas.
 11887 | D:9      | Noticed Maurice
 11917 | D:9      | Killed Maurice
 11918 | D:9      | Reached skill level 9 in Fighting
 12175 | D:9      | Reached ***** piety under Dithmenos
 12305 | D:9      | Found a staircase to the Orcish Mines.
 12882 | D:9      | Found a staircase to the Lair.
 12891 | D:9      | Noticed an elephant
 12911 | D:9      | Killed an elephant
 13231 | D:9      | Noticed a kobold demonologist
 13231 | D:9      | Noticed a kobold demonologist
 13235 | D:9      | Noticed a kobold demonologist
 13261 | D:9      | Killed a kobold demonologist
 13262 | D:9      | Reached XP level 11. HP: 44/85 MP: 0/0
 13262 | D:9      | Learned a level 5 spell: Lightning Bolt
 13444 | D:8      | Noticed a sixfirhy
 13630 | D:9      | Noticed a sun demon
 13636 | D:9      | Reached skill level 10 in Fighting
 13896 | D:9      | Found a shadowy altar of Dithmenos.
 13896 | D:9      | Found a hazy altar of Hepliaklqana.
 13983 | D:10     | Entered Level 10 of the Dungeon
 14042 | D:10     | Noticed a two-headed ogre
 14066 | D:10     | Killed a two-headed ogre
 15445 | D:11     | Noticed a seven-headed hydra
 15454 | D:11     | Killed a seven-headed hydra
 15611 | D:11     | Noticed a cyclops
 15628 | D:11     | Killed a cyclops
 15798 | D:11     | Noticed a boulder beetle
 15803 | D:11     | You are sucked into a shaft and drop 1 floor!
 15898 | D:12     | Identified the +1 leather armour of the Falcon {Rampage
                  | Regen+ Dex+2}
 15920 | D:12     | Found a flagged portal.
 15924 | D:12     | Noticed an eight-headed hydra
 15928 | D:12     | Noticed a two-headed ogre
 15931 | D:12     | Killed an eight-headed hydra
 15935 | D:12     | Killed a two-headed ogre
 15950 | D:12     | Noticed a sun demon
 16375 | Bailey   | Entered a bailey
 16529 | Bailey   | Noticed an orc knight
 16550 | Bailey   | Killed an orc knight
 16551 | Bailey   | Reached skill level 11 in Fighting
 17359 | D:11     | Reached XP level 12. HP: 87/94 MP: 0/0
 17362 | D:11     | Reached skill level 10 in Spellcasting
 17373 | D:11     | Reached skill level 1 in Short Blades
 17635 | D:11     | Killed a boulder beetle
 18059 | Lair:1   | Entered Level 1 of the Lair of Beasts
 20039 | Lair:1   | Reached ****** piety under Dithmenos
 20339 | Lair:1   | Noticed a seven-headed hydra
 20342 | Lair:1   | Killed a seven-headed hydra
 20586 | Lair:1   | Noticed a seven-headed hydra
 20598 | Lair:1   | Killed a seven-headed hydra
 20599 | Lair:1   | Reached skill level 12 in Fighting
 21064 | Lair:1   | Reached XP level 13. HP: 99/101 MP: 0/0
 21064 | Lair:1   | Learned a level 5 spell: Alistair's Intoxication
 22261 | Lair:2   | Reached skill level 5 in Stealth
 22263 | Lair:2   | Reached skill level 10 in Evocations
 23354 | Lair:2   | Identified the ring "Abub" {rC+ Str+4}
 23690 | Lair:2   | Identified the +0 cloak "Yptuc" {Dex+4}
 24291 | Lair:2   | Reached skill level 13 in Fighting
 25332 | Lair:2   | Identified the +2 broad axe "Dammes" {vorpal, rF+}
 26932 | Lair:3   | Reached skill level 1 in Shields
 27660 | Lair:3   | Reached XP level 14. HP: 83/111 MP: 0/0
 27931 | Lair:4   | Found a staircase to the Snake Pit.
 28583 | Lair:4   | Found a staircase to the Swamp.
 29577 | Lair:5   | Reached skill level 14 in Fighting
 31085 | Lair:6   | Entered Level 6 of the Lair of Beasts
 31085 | Lair:6   | Found a runed translucent door.
 31085 | Lair:6   | Found a shimmering altar of Xom.
 31085 | Lair:6   | Noticed Sergey's ghost (journeyman DDDe)
 33991 | Lair:6   | Found a staircase to the Slime Pits.
 33993 | Lair:6   | Found a viscous altar of Jiyva.
 35240 | Lair:6   | Reached XP level 15. HP: 106/118 MP: 0/0
 35240 | Lair:6   | Learned a level 6 spell: Freezing Cloud
 35736 | Lair:6   | Reached skill level 15 in Fighting
 36076 | Lair:6   | Identified the +12 war axe "Zithret" {speed, Str+4 Dex+3}
 39396 | D:1      | Bought a triangular golden amulet for 80 gold pieces
 39653 | D:13     | Noticed Nessos
 40578 | D:13     | Killed Nessos
 40605 | D:13     | Noticed Azrael
 41066 | D:13     | Killed Azrael
 41598 | D:13     | Found a gate to the Vaults.
 41762 | D:13     | Identified the +0 rapier of the Beast {flame, rElec rPois}
 42954 | D:14     | Found a runed translucent door.
 43017 | D:14     | Found a snail-covered altar of Cheibriados.
 43386 | D:14     | Found Poamynuu's Armour Shop.
 43835 | D:14     | Noticed Morbidden's ghost (journeyman DrBr)
 43846 | D:14     | Killed Morbidden's ghost
 43847 | D:14     | Reached skill level 5 in Shields
 44163 | D:15     | Entered Level 15 of the Dungeon
 44201 | D:15     | Found a stormy altar of Qazlal.
 44446 | D:15     | Reached XP level 16. HP: 111/127 MP: 0/0
 45770 | D:15     | Found a staircase to the Depths.
 46144 | D:15     | Reached skill level 16 in Fighting
 46449 | Orc:1    | Entered Level 1 of the Orcish Mines
 46461 | Orc:1    | Found a dark tunnel.
 46643 | Volcano  | Entered a volcano
 47530 | Orc:2    | Entered Level 2 of the Orcish Mines
 47786 | Orc:2    | Noticed Rupert
 47793 | Orc:2    | Killed Rupert
 48377 | Orc:2    | Found Rauv's Antique Armour Emporium.
 48404 | Orc:2    | Found Feezxuma's Antique Weapon Shop.
 48742 | Orc:2    | Found Puifo's Jewellery Boutique.
 48897 | Orc:2    | Found Numota's General Store.
 49024 | Orc:2    | Found a staircase to the Elven Halls.
 49087 | Orc:2    | Bought a twisted scale mail for 252 gold pieces
 49087 | Orc:2    | Identified the +1 scale mail of the Unbroken {rN++ Regen+}
                  | (You bought it in a shop on level 2 of the Orcish Mines)
 49087 | Orc:2    | Bought a heavily runed leather armour for 196 gold pieces
 49087 | Orc:2    | Identified the +3 leather armour "Cakigysu" {rCorr Int+5}
                  | (You bought it in a shop on level 2 of the Orcish Mines)
 49087 | Orc:2    | Bought a pair of runed gloves for 210 gold pieces
 49247 | Snake:1  | Entered Level 1 of the Snake Pit
 49434 | Lair:4   | Reached skill level 10 in Shields
 51724 | Snake:1  | Upgraded the game from 0.27-a0-1066-g29160eaed2 to
                  | 0.27-a0-1078-g0d77da13b5
 51748 | Snake:2  | Noticed a nagaraja
 51757 | Snake:2  | Killed a nagaraja
 52692 | Snake:2  | Reached XP level 17. HP: 112/133 MP: 0/0
 52692 | Snake:2  | Learned a level 7 spell: Dragon Form
 54908 | Snake:3  | Found a flickering gateway to a bazaar.
 54936 | Bazaar   | Entered a bazaar
 55128 | Bazaar   | Found Mibug's Weapon Shop.
 55128 | Bazaar   | Found Sabocafa's Distillery.
 55135 | Bazaar   | Found Ymihy's Distillery.
 55135 | Bazaar   | Found Tuorofog's Armour Boutique.
 55161 | Bazaar   | Bought a potion of heal wounds for 70 gold pieces
 55161 | Bazaar   | Bought a potion of haste for 140 gold pieces
 55161 | Bazaar   | Bought a potion of cancellation for 112 gold pieces
 55167 | Bazaar   | Bought a potion of resistance for 160 gold pieces
 55167 | Bazaar   | Bought a potion of invisibility for 128 gold pieces
 55167 | Bazaar   | Bought a potion of heal wounds for 80 gold pieces
 55167 | Bazaar   | Bought 2 potions of mutation for 256 gold pieces
 55173 | Bazaar   | Bought a potion of curing for 42 gold pieces
 55173 | Bazaar   | Bought a potion of curing for 42 gold pieces
 55173 | Bazaar   | Bought a potion of curing for 42 gold pieces
 57609 | Snake:4  | Entered Level 4 of the Snake Pit
 59092 | Snake:4  | Reached skill level 5 in Armour
 61714 | Snake:4  | Reached XP level 18. HP: 58/139 MP: 0/0
 62670 | Snake:4  | Reached skill level 15 in Shields
 64848 | Snake:4  | Got a serpentine rune of Zot
 65534 | Swamp:1  | Entered Level 1 of the Swamp
 65778 | Swamp:1  | Reached skill level 10 in Armour
 68052 | Swamp:4  | Entered Level 4 of the Swamp
 68449 | Swamp:4  | Reached XP level 19. HP: 129/147 MP: 0/0
 68449 | Swamp:4  | Learned a level 7 spell: Ozocubu's Refrigeration
 68884 | Swamp:4  | Got a decaying rune of Zot
 69440 | Vaults:1 | Entered Level 1 of the Vaults
 69694 | Vaults:1 | Reached skill level 17 in Fighting
 70367 | Vaults:1 | Reached skill level 15 in Spellcasting
 70641 | Vaults:1 | Identified the +2 falchion of Agony {drain, rElec rF+}
 70693 | Vaults:1 | Identified the +9 scimitar of Nebiash {vorpal, +Blink rF+}
 71472 | Vaults:2 | HP: 1/148 [crystal guardian/crystal bolt[a peacekeeper]
                  | (38)]
 72016 | Vaults:2 | Reached XP level 20. HP: 157/157 MP: 0/0
 72124 | Vaults:2 | Reached skill level 1 in Unarmed Combat
 72448 | Vaults:2 | Identified the ring "Belul" {Fire Fly}
 73192 | Vaults:3 | Reached skill level 18 in Fighting
 73948 | Vaults:3 | Found a staircase to the Crypt.
 74386 | Vaults:3 | Reached skill level 5 in Unarmed Combat
 75184 | Vaults:4 | Found a ruined gateway.
 75229 | Desolati | Entered the Desolation of Salt
 75240 | Desolati | Reached XP level 21. HP: 125/164 MP: 0/0
 75240 | Desolati | Learned a level 8 spell: Summon Horrible Things
 75617 | Desolati | Found the +3 hat of Pondering {ponderous, Will+ MP+10
                  | Int+5}
 75625 | Desolati | Identified the +3 shortbow of the Dancing Viper {flame,
                  | Will+ Str+3}
 75627 | Desolati | Identified the +1 chain mail of the Great Game {Contam rC++
                  | Dex+2 SInv}
 76267 | Desolati | Identified the +2 leather armour of Uskayaw's Approval
                  | {rPois rF++ Int-3 SInv}
 76270 | Desolati | Identified the +1 helmet "Ywoxkomy" {rC+ Int+3}
 76433 | Desolati | Identified the ring "Muhed" {Str+4 Int+3 SInv}
 76759 | Desolati | Identified the ring "Marafrag" {Dex+3 Slay+4}
 76761 | Desolati | Identified the +4 war axe of the Tundras {vorpal, Dex+2
                  | SInv}
 76768 | Desolati | Identified the +3 rapier of the Dead {holy, rElec rF-
                  | Int+4}
 77043 | Vaults:4 | Reached skill level 19 in Fighting
 77249 | Vaults:4 | Reached skill level 15 in Armour
 78631 | Vaults:4 | Identified the +10 whip of Domination {antimagic, Int+3
                  | SInv}
 78864 | D:7      | Bought a potion of ambrosia for 120 gold pieces
 78864 | D:7      | Bought a potion of curing for 45 gold pieces
 78864 | D:7      | Bought 2 potions of heal wounds for 150 gold pieces
 78864 | D:7      | Bought 2 potions of brilliance for 120 gold pieces
 78864 | D:7      | Bought a potion of curing for 45 gold pieces
 78864 | D:7      | Bought a potion of curing for 45 gold pieces
 78864 | D:7      | Bought 2 potions of mutation for 240 gold pieces
 78864 | D:7      | Bought a potion of might for 60 gold pieces
 79067 | Depths:1 | Entered Level 1 of the Depths
 79214 | Depths:1 | Reached skill level 10 in Unarmed Combat
 79214 | Depths:1 | Reached XP level 22. HP: 100/173 MP: 0/0
 79347 | Depths:1 | Noticed Nikola
 79353 | Depths:1 | Killed Nikola
 79533 | Depths:1 | Found Tuinal's Changing Room.
 79544 | Depths:1 | Reached skill level 20 in Fighting
 79698 | Depths:1 | Bought a potion of mutation for 96 gold pieces
 79698 | Depths:1 | Bought a potion of mutation for 96 gold pieces
 79852 | Depths:1 | Noticed Aizul
 79858 | Depths:1 | Killed Aizul
 79887 | Depths:1 | Found a gateway to Hell.
 79974 | Depths:1 | Found an iron altar of Okawaru.
 80534 | Depths:2 | Noticed a juggernaut
 80552 | Depths:2 | Killed a juggernaut
 80553 | Depths:2 | Reached skill level 5 in Dodging
 80564 | Depths:2 | Noticed a juggernaut
 81022 | Depths:2 | Noticed a caustic shrike
 81029 | Depths:2 | Killed a caustic shrike
 81040 | Depths:2 | HP: 2/262 [vampire knight/+0 halberd (21)]
 81283 | Depths:2 | Killed a juggernaut
 81484 | Depths:2 | Noticed a golden dragon
 81484 | Depths:2 | an iron giant changed into a golden dragon
 81671 | Depths:2 | a golden dragon changed into a shadow dragon
 81761 | Depths:2 | HP: 12/240 [deep troll earth mage (18)]
 81772 | Depths:1 | Killed from afar by an ice dragon

Illustrated notes

Levels and vault maps discovered:
D:1:      psy_arrival_statuary, layout_loops_ring, basic_ecumenical_altar,
          serial_shops, nicolae_shop_crystal
D:2:      layout_rooms, hex_large, minmay_tromino_v7
D:3:      minmay_diamond_boxcup, layout_loops_ring, minitemple,
          lemuel_crystal_altar
D:4:      layout_basic, gammafunk_ghost_abyssal_escape,
          hangedman_decor_peaks_small, uniq_crazy_yiuf_cottage,
          uniq_blork_the_orc, uniq_natasha, uniq_ijyb
D:5:      layout_basic, minmay_temple_entry_ruins, dk_noncrumbling_3,
          uniq_eustachio
D:6:      layout_basic, lemuel_crystal_altar, grunt_temple_overflow_open,
          eino_tiny_chamber, nrook_loot_triangle, uniq_prince_ribbit1,
          uniq_grinder
D:7:      nicolae_whirlpool, layout_basic, serial_shops, kennysheep_mini_moat,
          serial_curves, eino_curves_04, eino_curves_04
D:8:      layout_basic, lemuel_coloured_pillars_altar, elyvilon_altar_1,
          ebering_ghost_disaster_area, minmay_misc_feat_columns
D:9:      layout_rooms, grunt_temple_overflow_forces_of_nature,
          riverfiend_overflow_shadow_ancestor, david_lair_generic, david_orc_2,
          uniq_maurice
D:10:     layout_basic
D:11:     layout_rooms
D:12:     layout_long_grid, gauntlet_entry_generic, serial_rivers,
          chequers_serial_rivers_micro_a, chequers_serial_rivers_room_b,
          chequers_serial_rivers_large_b, chequers_serial_rivers_micro_a,
          chequers_serial_rivers_room_b, enter_bailey_4, kiku_gazebo_pond_becter
D:13:     layout_big_octagon, ximxim_vaults_locker_room, uniq_nessos,
          uniq_azrael
D:14:     layout_basic, serial_shops, nicolae_shop_competitors_out_of_business,
          ebering_ghost_inner_flame, serial_park_tiny_pond, slow_altar_2
D:15:     gammafunk_depths_entry_grave, layout_rooms, grunt_qazlal_clouds
Lair:1:   layout_chaotic_city, minmay_shattered_shrine, grunt_megastairs_5
Lair:2:   regret_index_combs_of_tragedy, layout_loops_ring, grunt_megastairs_2,
          serial_bayou_shore_b
Lair:3:   layout_misc_corridors, special_room [special_room_bee],
          hangedman_lair_unloving_vines, grunt_megastairs_4
Lair:4:   layout_regular_city, palyth_hydra_swamp_entry, dummy_snake_entry,
          grunt_megastairs_1, lemuel_fruit_fields
Lair:5:   layout_cave_pods, serial_bayou_shore_b, grunt_megastairs_3
Lair:6:   hangedman_lair_caniforms_friends, layout_gridlike,
          guppyfry_lair_end_dragon, slime_altar_1, ebering_ghost_xom,
          special_room [special_room_mythical_zoo], st_stairs_4,
          lemuel_fruit_fields, serial_bayou_shore_b
Swamp:1:  layout_falls_marsh, evilmike_swamp_ruin_rubble_1, swamp_pool1
Swamp:2:  layout_falls_marsh, evilmike_swamp_ruin_house_2, swamp_pool1,
          nicolae_swamp_treefoil, nicolae_swamp_trees_clearing,
          nicolae_swamp_fairy_circle, grunt_ruined_hall,
          infiniplex_staircase_pool
Swamp:3:  layout_falls_marsh, evilmike_swamp_ruin_house_5
Swamp:4:  swamp_basic_johnstein, layout_basic_swamp
Snake:1:  layout_grid_shapes
Snake:2:  layout_cave_shapes
Snake:3:  layout_chambers, serial_shops, bzr_entry_customers
Snake:4:  grunt_snake_rune_serpentine_throne, layout_cave_town, st_stairs_2
Orc:1:    layout_diamond_mine, nicolae_volcano_entry_lava_flow
Orc:2:    grunt_orc_gardens, layout_caves, grunt_orc_garden, grunt_orc_garden,
          grunt_orc_garden, grunt_orc_garden, uniq_rupert
Vaults:1: v_misc_1, grunt_vaults_twisty, special_room_vaults [special_room_orc],
          layout_vaults_omnigrid
Vaults:2: dpeg_vaults_waves, ontoclasm_vaults_hangar, v_misc_13,
          vaults_dpeg_ring, hangedman_vaults_unwind, v_pattern_5,
          hangedman_vaults_stagger, grunt_vaults_funnel, vaults_dpeg_spiral,
          v_misc_12, hangedman_vaults_stretched_pinwheel, vaults_room_corners,
          vaults_room_pools, layout_vaults_omnicross
Vaults:3: vaults_standard_mumra_x, blue_anna_dwarven_crypt,
          ontoclasm_vaults_ligature, v_misc_32, nicolae_vaults_know_your_exits,
          hangedman_vaults_locks, vaults_room_pools,
          vaults_standard_mumra_enter_the_diamond, v_misc_19,
          hangedman_vaults_maws, nicolae_vaults_big_angled_halls,
          nicolae_vaults_network_s, vaults_room_ringed_pool, vaults_dpeg_cross,
          nicolae_vaults_shelves_hall, layout_vaults_omnibox
Vaults:4: ontoclasm_vaults_spin, v_rooms_4, vaults_room_boxed,
          nicolae_vaults_big_angled_halls, nicolae_vaults_network_periphery,
          grunt_vaults_trifunnel, layout_vaults_chaotic_city,
          portal_desolation_entry_nicolae_slug
Depths:1: layout_cave_shapes, hangedman_tar_grid_catacomb, okawaru_trees_1,
          nicolae_lava_and_water, nicolae_transmutations_shop,
          minmay_misc_feat_five, hangedman_abyss_or_decor_stabs,
          nicolae_water_bricks, minmay_strange_pillars, minmay_crystal_water,
          nicolae_vehumet_radiance, uniq_nikola, uniq_aizul
Depths:2: minmay_the_grid_square_5x5_4x4_mashed
          [minmay_the_grid_square_5x5_misaligned,
          minmay_the_grid_square_5x5_six_small,
          minmay_the_grid_square_5x5_eight,
          minmay_the_grid_square_5x5_inverted_slash,
          minmay_the_grid_square_5x5_longway,
          minmay_the_grid_square_5x5_prize_gold,
          minmay_the_grid_square_5x5_prize_junk,
          minmay_the_grid_square_5x5_forky, minmay_the_grid_square_5x5_three,
          minmay_the_grid_square_5x5_prize_monsterx,
          minmay_the_grid_square_5x5_prize_deathbox,
          minmay_the_grid_square_5x5_inner_z,
          minmay_the_grid_square_5x5_tri_point,
          minmay_the_grid_square_5x5_eight_small,
          minmay_the_grid_square_5x5_spiral_small,
          minmay_the_grid_square_5x5_two_walls_a], layout_honeycomb,
          hangedman_coc_ice_floe, nicolae_ru_sacrificial_ziggurat, pan_entry,
          abyss_entry, uniq_sojobo

Skill      XL: |  1  2  3  4  5  6  7  8  9 10 11 12 13 14 15 16 17 18 19 20 21 22 |
---------------+-------------------------------------------------------------------+-----
Fighting       | 1 2 3 4 5 7 9 11 12 13 14 15 16 17 18 19 20 | 20.3
Stealth        | 2 4 5 |  5.0
Spellcasting   | 3 4 5 7 8 9 10 12 13 14 15 16 | 16.3
Invocations    | 1 2 3 4 5 6 9 |  9.0
Dodging        | 3 4 6 |  6.7
Armour         | 1 2 3 6 11 12 14 15 | 15.0
Evocations     | 1 2 4 5 8 9 10 | 10.0
Short Blades   | 2 |  2.0
Shields        | 2 4 5 11 14 15 | 15.0
Unarmed Combat | 6 10 11 | 11.0

Action                   |  1- 3 |  4- 6 |  7- 9 | 10-12 | 13-15 | 16-18 | 19-21 | 22-24 || total
-------------------------+-------+-------+-------+-------+-------+-------+-------+-------++-------
Melee: Spear             |     9 |       |       |       |       |       |       |       ||     9
       Dagger            |       |     6 |    17 |   277 |   152 |       |       |       ||   452
       War axe           |       |       |       |       |    24 |    65 |       |       ||    89
       Rapier            |       |       |       |       |       |    47 |     4 |       ||    51
       Unarmed           |       |       |       |       |       |     2 |    69 |    36 ||   107
       Bite              |       |       |       |       |       |     1 |    15 |     3 ||    19
       Falchion          |       |       |       |       |       |       |    19 |     5 ||    24
       Tailslap          |       |       |       |       |       |       |    11 |     5 ||    16
       Punch             |       |       |       |       |       |       |     2 |     1 ||     3
 Cast: Foxfire           |    56 |   187 |   346 |   602 |   222 |     4 |     3 |       ||  1420
       Conjure Flame     |       |     1 |       |     8 |    16 |       |       |       ||    25
       Animate Skeleton  |       |     1 |       |       |       |       |       |       ||     1
       Fireball          |       |       |       |    18 |   282 |   510 |    73 |    39 ||   922
       Sticky Flame      |       |       |       |    27 |   169 |   100 |    43 |    25 ||   364
       Lightning Bolt    |       |       |       |     6 |    65 |   112 |    15 |    20 ||   218
       Confusing Touch   |       |       |       |       |     1 |     1 |       |       ||     2
       Ozocubu's Armour  |       |       |       |       |     4 |     1 |     4 |     1 ||    10
       Freezing Cloud    |       |       |       |       |     3 |    19 |     2 |     7 ||    31
       Alistair's Intoxi |       |       |       |       |       |     1 |       |       ||     1
       Dragon Form       |       |       |       |       |       |     2 |    11 |     9 ||    22
       Ozocubu's Refrige |       |       |       |       |       |       |   522 |    74 ||   596
 Abil: End Transformatio |       |       |       |       |       |       |     1 |     2 ||     3
Evoke: Wand              |       |       |     1 |    21 |    25 |    16 |       |       ||    63
       Tin of tremorston |       |       |       |     2 |       |     1 |       |       ||     3
       Box of beasts     |       |       |       |       |       |       |     2 |       ||     2
       Phantom mirror    |       |       |       |       |       |       |     1 |       ||     1
  Use: Scroll            |       |     7 |     2 |     8 |    13 |     4 |    10 |       ||    44
       Potion            |       |     5 |       |     8 |     1 |       |       |     5 ||    19
 Stab: Sleeping          |       |     1 |       |       |     1 |       |     2 |       ||     4
       Paralysed         |       |       |     3 |    47 |    15 |       |       |       ||    65
Armor: Robe              |     3 |     2 |       |       |       |       |       |       ||     5
       Leather armour    |       |     7 |    27 |    80 |       |     5 |    22 |     5 ||   146
       Skin              |       |       |       |    31 |       |     7 |    39 |    34 ||   111
       Ring mail         |       |       |       |    87 |   167 |       |       |       ||   254
       Chain mail        |       |       |       |       |    49 |   133 |       |       ||   182
Dodge: Dodged            |     5 |    34 |   103 |   413 |   270 |   137 |    78 |    62 ||  1102
Block: Buckler           |       |       |       |       |   101 |   141 |       |       ||   242
       Kite shield       |       |       |       |       |       |    34 |    74 |    18 ||   126
       Rpst.: Falchion   |       |       |       |       |       |       |     8 |     3 ||    11

Table legend: (Time is in decaauts)
 A = Elapsed time spent in this place.
 B = Non-inter-level travel time spent in this place.
 C = Inter-level travel time spent in this place.
 D = Time resting spent in this place.
 E = Time spent auto-exploring this place.
 F = Levels seen in this place.
 G = Mean time per level.
                   A        B        C        D        E       F      G
               +--------+--------+--------+--------+--------+-----+--------+
         Total |  81869 |  77338 |   4531 |  43380 |  23046 |  41 | 1996.8 |
       Dungeon |  28562 |  26110 |   2452 |  13203 |   9175 |  15 | 1904.1 |
          Lair |  20600 |  19525 |   1075 |  13279 |   4152 |   6 | 3433.3 |
         Swamp |   3468 |   3259 |    209 |    799 |   1933 |   4 |  867.0 |
     Snake Pit |  13965 |  13569 |    396 |   9455 |   2673 |   4 | 3491.2 |
  Orcish Mines |   1882 |   1787 |     95 |    963 |    590 |   2 |  941.0 |
        Vaults |   7557 |   7302 |    255 |   2650 |   3287 |   4 | 1889.2 |
        Depths |   2505 |   2458 |     47 |   1226 |    699 |   2 | 1252.5 |
        Bazaar |    245 |    245 |      0 |    189 |     18 |   1 |  245.0 |
        Bailey |    666 |    666 |      0 |    428 |      0 |   1 |  666.0 |
       Volcano |    661 |    661 |      0 |    421 |      0 |   1 |  661.0 |
    Desolation |   1753 |   1753 |      0 |    767 |    519 |   1 | 1753.0 |
               +--------+--------+--------+--------+--------+-----+--------+

Top non-repeatable levels by time:
 Snake:4: 5233 daAuts
 Snake:3: 4200 daAuts
  Lair:4: 4114 daAuts
  Lair:6: 4059 daAuts
  Lair:5: 3812 daAuts
  Lair:1: 3566 daAuts
     D:9: 3358 daAuts
 Snake:2: 3124 daAuts
    D:14: 2986 daAuts
  Lair:2: 2981 daAuts
    D:12: 2962 daAuts
     D:8: 2631 daAuts
  Lair:3: 2067 daAuts
Vaults:3: 2056 daAuts
Vaults:2: 2044 daAuts
